 Dungeon Crawl Stone Soup version 0.21.0 (webtiles) character file.

253188 theswoord the Slayer (level 19, -3/139 HPs)
             Began as a Gargoyle Fighter on Jan 6, 2018.
             Was the Champion of Makhleb.
             Killed from afar by a crystal guardian (9 damage)
             ... with a crystal bolt
             ... on level 4 of the Abyss on Jan 7, 2018.
             The game lasted 02:34:36 (42579 turns).

theswoord the Slayer (Gargoyle Fighter)            Turns: 42579, Time: 02:34:37

Health: -3/139     AC: 33    Str: 24      XL:     19   Next: 71%
Magic:  0/22       EV: 16    Int:  5 (10) God:    Makhleb [******]
Gold:   3656       SH:  0    Dex: 15      Spells: 18/18 levels left

rFire    + . .     SeeInvis .   m - +5 whip (elec)
rCold    + . .     Gourm    .   c - +4 shield
rNeg     + + .     Faith    .   j - +0 chain mail of Integrity {rN+ MR+ Regen+} (curse)
rPois    ∞         Spirit   +   C - +1 helmet
rElec    +         Reflect  .   a - scarf {rC+ rF+}
rCorr    .         Harm     .   D - +2 pair of gloves {Str+3}
MR       ++...                  (no boots)
Stlth    ..........             H - amulet of guardian spirit
HPRegen  0.00/turn              Z - +3 ring of protection
MPRegen  0.18/turn              q - ring of magical power

@: confused
A: big wings, agile 2, [blurry vision 3], [clumsy 2], deformed body, [low mp 3],
negative energy resistance 1, [screaming 2], electricity resistance, [inhibited
regeneration], unbreathing, petrification resistance, rot immunity, MP-powered
wands, AC +14
}: 2/15 runes: decaying, gossamer
a: Fly, Minor Destruction, Lesser Servant of Makhleb, Major Destruction, Greater
Servant of Makhleb, Renounce Religion


You were on level 4 of the Abyss.
You worshipped Makhleb.
Makhleb was exalted by your worship.
You were very hungry.

You visited 7 branches of the dungeon, and saw 33 of its levels.
You visited the Abyss 1 time.
You also visited: Bailey.

You collected 4145 gold pieces.
You spent 489 gold pieces at shops.

Inventory:

Hand Weapons
 m - a +5 whip of electrocution (weapon)
 x - the +8 dire flail "Owkac" {crush, rN+ SInv}
   (You acquired it on level 6 of the Lair of Beasts)

   It inflicts extra damage upon your enemies.
   It protects you from negative energy.
   It lets you see invisible.
Armour
 a - a scarf of resistance (worn)
 c - a +4 shield (worn)
 j - the cursed +0 chain mail of Integrity (worn) {rN+ MR+ Regen+}
   (You found it on level 12 of the Dungeon)

   It protects you from negative energy.
   It affects your resistance to hostile enchantments.
   It increases your rate of regeneration.
   It has a curse placed upon it.
 C - a +1 helmet (worn)
 D - a +2 pair of gloves of strength (worn)
Jewellery
 b - the ring "Vemumeffe" {MR+ Str+2 Int+4 Dex-2 Stlth-, unknown}
   (You took it off a yaktaur captain on level 1 of the Vaults)

   [ring of loudness]

   It affects your strength (+2).
   It affects your intelligence (+4).
   It affects your dexterity (-2).
   It affects your resistance to hostile enchantments.
   It makes you less stealthy.
 g - an uncursed ring of protection from fire
 q - a ring of magical power (right hand)
 u - a cursed ring of protection from cold {unknown}
 z - an uncursed ring of resist corrosion
 B - a +3 ring of strength
 F - an uncursed ring of positive energy
 H - an amulet of guardian spirit (around neck)
 J - the ring "Synenofy" {*Corrode +Inv rElec rF+}
   (You found it on level 4 of the Swamp)

   [ring of protection from fire]

   It protects you from fire.
   It insulates you from electricity.
   It lets you turn invisible.
   It may corrode you when you take damage.
 K - a +5 amulet of reflection
 Z - a +3 ring of protection (left hand)
Wands
 t - a wand of digging (67)
 A - a wand of disintegration (16)
Scrolls
 d - 4 scrolls of fog
 e - a scroll of holy word
 h - 11 scrolls of identify
 k - 20 scrolls of remove curse
 o - a scroll of vulnerability
 r - 10 scrolls of teleportation
 w - 5 scrolls of magic mapping
 y - 5 scrolls of blinking
 M - 4 scrolls of fear
 R - 2 scrolls of enchant weapon
Potions
 l - a potion of cancellation
 n - 8 potions of brilliance
 p - 9 potions of lignification
 s - 4 potions of mutation
 v - 5 potions of resistance
 E - 3 potions of haste
 L - a potion of agility
 T - 6 potions of curing
 V - a potion of berserk rage
 Y - 2 potions of invisibility
Comestibles
 f - 57 rations


   Skills:
 + Level 21.8 Fighting
 - Level 12.7 Maces & Flails
 + Level 16.0 Armour
 + Level 12.4 Dodging
 - Level 15.0 Shields


You had 18 spell levels left.
You didn't know any spells.

Dungeon Overview and Level Annotations

Branches:
Dungeon (15/15)            Temple (1/1) D:4            Lair (6/6) D:9
  Swamp (4/4) Lair:4       Spider (4/4) Lair:3        Slime (0/5) Lair:6
    Orc (2/2) D:12            Elf (0/3) Orc:2        Vaults (1/5) D:13
 Depths (0/5) D:15

Altars:
Ashenzari
Cheibriados
Dithmenos
Elyvilon
Fedhas
Gozag
Hepliaklqana
Kikubaaqudgha
Makhleb
Nemelex Xobeh
Okawaru
Qazlal
Ru
Sif Muna
Trog
Uskayaw
Vehumet
Wu Jian
Yredelemnul
Zin
The Shining One
Beogh

Shops:
D:12 (}}   D:15 %   Orc:1 !   Orc:2 [(=*

Annotations:
Lair:6 exclusion: 2 oklob plants


Innate Abilities, Weirdness & Mutations

You are resistant to torment.
Your stone body is resilient. (AC +14)
You are immune to poison.
Your large and strong wings let you fly indefinitely.
You resist negative energy. (rN+)
You are resistant to electric shocks. (rElec)
You can survive without breathing.
You are immune to petrification.
You are immune to rotting.
You are very agile. (Dex +4)
Armour fits poorly on your strangely shaped body.
You expend magic power (3 MP) to strengthen your wands.
[Scrolls take you much longer to read.]
[You are very clumsy. (Dex -4)]
[Your magical capacity is extremely low. (-30% MP)]
[You sometimes yell uncontrollably at your foes.]
[You do not regenerate when monsters are visible.]


Message History

You are confused.
You feel invigorated.
The neqoxec gestures.
The crystal guardian fires a crystalline bolt at you.
The crystal bolt misses you. The crystal bolt freezes you! You resist.
* * * LOW HITPOINT WARNING * * *
The crystal bolt freezes the crystal guardian.
The crystal guardian completely resists.
The crystal guardian fires a crystalline bolt at you.
The crystal bolt freezes the crystal guardian.
The crystal guardian completely resists.
The crystal bolt freezes you! You resist.
* * * LOW HITPOINT WARNING * * *
The crystal bolt misses you.
You bump into the crystal wall.
The crystal guardian fires a crystalline bolt at you.
The crystal bolt burns you! You resist.
* * * LOW HITPOINT WARNING * * *
The crystal bolt burns you! You resist.
You die...

# . . . ..
. # .
..... ..#
#. ..... #
. .v# ...
.# .. ..
.## . #. .
φ
8##.#.....
.. .
##.....###
.
#..5.§8#.#
.1.
#....528@#
++
[#..*3###
#) ###.
##.5. . $#
#.... # {
#...... #.
)[φ* ..
...##. {
.≈....# .
[ X##..≈
.. .. # #
?( # .##≈
.#.


You could see a green death, a wretched star, 2 crystal guardians, a neqoxec, an
iron imp, a quasit and a shadow imp.

Vanquished Creatures
  Nikola (Spider:2)
  A quicksilver dragon (Vaults:1)
  Frances (Swamp:2)
  5 thorn hunters
  Agnes (D:15)
  An iron dragon (Vaults:1)
  Roxanne (D:15)
  Donald (Vaults:1)
  3 ghost moths
  3 vault wardens (Vaults:1)
  A frost giant (Vaults:1)
  An orc warlord (Orc:2)
  4 emperor scorpions
  A war gargoyle (Vaults:1)
  2 ironheart preservers (Vaults:1)
  2 very ugly things
  Nessos (Lair:6)
  Azrael (Spider:2)
  8 entropy weavers
  Snorg (D:11)
  3 ettins
  Josephine (D:10)
  3 yaktaur captains
  Erolcha (D:9)
  A great orb of eyes (Vaults:1)
  A rakshasa (D:15)
  27 hydras
  Fannar (D:11)
  9 vault guards (Vaults:1)
  The ghost of Lanoc the Cleaver, a journeyman VSBe of Trog (D:12)
  2 dancing weapons (D:13)
  6 alligators
  4 centaur warriors
  4 ogre magi
  11 two-headed ogres
  A queen ant (Lair:6)
  A tengu warrior (D:13)
  An orc high priest (Orc:2)
  2 deep elf knights (Vaults:1)
  A spatial maelstrom (Abyss:4)
  A flayed ghost (Abyss:4)
  A deep troll (Vaults:1)
  2 unseen horrors
  2 necromancers
  10 swamp dragons
  A deep elf archer (Vaults:1)
  2 spriggan druids
  2 ironbrand convokers (Vaults:1)
  3 shambling mangroves
  A wizard (Vaults:1)
  2 lindwurms (Swamp:4)
  4 orc sorcerers
  17 orb spiders
  4 deep elf magi (Vaults:1)
  A stone giant zombie (Vaults:1)
  32 wolf spiders
  A fire giant zombie (Vaults:1)
  8 ugly things
  8 orc knights
  A moth of wrath (Spider:4)
  A manticore (D:10)
  The ghost of Phong the Stinger, a novice OpVM (D:6)
  A moth of wrath (shapeshifter) (D:15)
  2 cyclopes
  5 elephants (Lair:6)
  2 guardian serpents
  A black mamba (shapeshifter) (D:15)
  2 naga magi (Abyss:4)
  8 black mambas
  A torpor snail (Spider:3)
  Psyche (D:9)
  5 vault sentinels (Vaults:1)
  2 gargoyles
  25 spiny frogs
  An apocalypse crab (Abyss:4)
  A kobold demonologist (D:11)
  A smoke demon (Abyss:4)
  The ghost of ThereIsNoGod the Digger, a novice DrEE of Wu Jian (D:4)
  A large abomination (Abyss:3)
  21 rime drakes
  2 centaur skeletons
  4 yaktaurs (Vaults:1)
  An efreet (D:15)
  7 demonic crawlers
  11 komodo dragons
  9 trolls
  A tengu conjurer (D:13)
  11 tyrant leeches
  37 jumping spiders
  2 polar bears (Lair:5)
  3 meliai (D:15)
  A hornet (shapeshifter) (Vaults:1)
  A raiju (Abyss:3)
  25 hornets
  12 bog bodies
  Grinder (D:4)
  25 blink frogs
  3 blink frogs (shapeshifter)
  An alligator zombie (Swamp:1)
  14 hippogriffs
  38 slime creatures
  3 starcursed masses (Abyss:4)
  A ynoxinul (Abyss:4)
  53 redbacks
  8 spriggans
  8 wraiths
  26 tarantellas
  2 shadows
  25 yaks
  5 wyverns
  A fire elemental (Spider:2)
  3 basilisks
  2 hungry ghosts
  Grum (D:9)
  17 vampire mosquitoes
  Menkaure (D:6)
  12 steam dragons
  4 acid dragons
  26 swamp worms
  4 wargs
  An ogre zombie (Vaults:1)
  9 insubstantial wisps
  2 nagas (Abyss:4)
  5 soldier ants (Lair:6)
  16 water moccasins
  3 hell hounds (Spider:2)
  7 porcupines
  8 swamp drakes
  35 orc warriors
  3 ice beasts
  2 sky beasts
  3 black bears
  2 hornet zombies
  4 phantoms
  14 wolves
  2 ettin simulacra
  18 ogres
  3 boggarts (Vaults:1)
  2 necrophages
  11 centaurs
  10 crocodiles
  4 big kobolds
  31 bullfrogs
  The ghost of Suckerboh the Sneak, an amateur SpEn (D:3)
  A wyvern zombie (D:12)
  A gnoll sergeant (D:12)
  A wyvern skeleton (D:15)
  4 scorpions
  14 killer bees
  3 wights (D:8)
  An electric eel (Lair:4)
  7 crimson imps
  3 centaur zombies
  A yaktaur simulacrum (Vaults:1)
  A bullfrog zombie (D:11)
  4 jellies
  14 orc priests
  9 hounds
  3 iguanas
  20 worker ants
  3 bullfrog skeletons
  Natasha (thrice) (D:4)
  22 orc wizards
  A killer bee zombie (D:7)
  2 hound skeletons
  11 gnolls
  11 adders
  A swamp drake zombie (Swamp:1)
  5 shadow imps
  An ooze (D:2)
  A swamp drake simulacrum (Swamp:1)
  An adder zombie (D:6)
  An adder skeleton (D:6)
  2 worms
  2 dart slugs
  2 leopard geckos
  103 orcs
  3 ball pythons
  8 bats
  3 giant cockroaches
  9 goblins
  6 hobgoblins
  10 jackals
  24 kobolds
  5 quokkas
  6 frilled lizards
  A jackal skeleton (D:5)
  A quokka skeleton (D:6)
  13 rats
  7 briar patches
1269 creatures vanquished.

Vanquished Creatures (others)
  An emperor scorpion (Spider:4)
  A lindwurm (Swamp:4)
  A wolf spider (Spider:2)
  A jumping spider (Spider:2)
  A demonic crawler (Spider:2)
  A hippogriff (D:8)
  2 redbacks
  A tarantella (Spider:3)
  A floating eye (shapeshifter) (Vaults:1)
  A boggart (Vaults:1)
  A bullfrog (D:15)
  An orc priest (Orc:2)
  3 orcs
  12 briar patches
  2 fungi (Lair:4)
  18 plants
48 creatures vanquished.

Grand Total: 1317 creatures vanquished

Notes
Turn   | Place    | Note
-------+----------+-------------------------------------------
     0 | D:1      | theswoord the Gargoyle Fighter began the quest for the Orb.
     0 | D:1      | Reached XP level 1. HP: 14/14 MP: 1/1
   298 | D:1      | Reached XP level 2. HP: 16/19 MP: 2/2
   803 | D:2      | Reached XP level 3. HP: 23/24 MP: 3/3
  1072 | D:2      | Reached skill level 4 in Fighting
  1075 | D:2      | Reached XP level 4. HP: 25/29 MP: 4/4
  1745 | D:3      | Reached XP level 5. HP: 34/34 MP: 5/5
  1913 | D:3      | Noticed Suckerboh's ghost (amateur SpEn)
  1967 | D:3      | Killed Suckerboh's ghost
  1967 | D:3      | Reached skill level 5 in Maces & Flails
  1967 | D:3      | Reached XP level 6. HP: 40/40 MP: 6/6
  2053 | D:3      | Found a snail-covered altar of Cheibriados.
  2303 | D:4      | Noticed Grinder
  2320 | D:4      | Noticed ThereIsNoGod's ghost (novice DrEE)
  2346 | D:4      | Paralysed by Grinder for 6 turns
  2631 | D:4      | Paralysed by Grinder for 4 turns
  2642 | D:3      | Reached skill level 5 in Fighting
  2658 | D:4      | Paralysed by Grinder for 3 turns
  2673 | D:4      | Killed Grinder
  2673 | D:4      | Reached XP level 7. HP: 38/44 MP: 7/7
  2722 | D:4      | Killed ThereIsNoGod's ghost
  2722 | D:4      | Reached skill level 6 in Fighting
  2837 | D:4      | Found a blossoming altar of Fedhas.
  2850 | D:4      | Found a staircase to the Ecumenical Temple.
  2856 | Temple   | Entered the Ecumenical Temple
  2872 | Temple   | Became a worshipper of Makhleb the Destroyer
  2971 | D:4      | Reached XP level 8. HP: 16/52 MP: 8/8
  3258 | D:4      | Found an ancient bone altar of Kikubaaqudgha.
  3278 | D:4      | Noticed Natasha
  3285 | D:4      | Killed Natasha
  3376 | D:4      | Noticed Natasha
  3383 | D:4      | Killed Natasha
  3401 | D:4      | Noticed Natasha
  3405 | D:4      | Killed Natasha
  3549 | D:4      | Found a stormy altar of Qazlal.
  3728 | D:4      | Got a pitted ring mail
  3744 | D:4      | Identified the cursed +1 ring mail "Bumm" {Str+7} (You found it on level 4 of the Dungeon)
  3747 | D:5      | Entered Level 5 of the Dungeon
  4080 | D:5      | Found a hazy altar of Hepliaklqana.
  4227 | D:5      | Reached skill level 7 in Fighting
  4516 | D:6      | Noticed Menkaure
  4533 | D:6      | Killed Menkaure
  4776 | D:6      | Reached * piety under Makhleb
  5031 | D:6      | Reached XP level 9. HP: 50/59 MP: 9/9
  5132 | D:6      | Reached skill level 8 in Fighting
  5397 | D:6      | Noticed Phong's ghost (novice OpVM)
  5415 | D:6      | Killed Phong's ghost
  5415 | D:6      | Reached skill level 10 in Maces & Flails
  5811 | D:7      | Reached ** piety under Makhleb
  5882 | D:7      | Reached skill level 9 in Fighting
  6344 | D:7      | Reached XP level 10. HP: 66/66 MP: 10/10
  7020 | D:8      | Reached skill level 10 in Fighting
  7102 | D:8      | Reached *** piety under Makhleb
  7974 | D:9      | Noticed Psyche
  7988 | D:9      | Killed Psyche
  7988 | D:9      | Reached skill level 11 in Fighting
  8050 | D:9      | Noticed Grum
  8089 | D:9      | Killed Grum
  8184 | D:9      | Found a sacrificial altar of Ru.
  8210 | D:9      | Reached skill level 12 in Fighting
  8212 | D:9      | Found a bloodstained altar of Trog.
  8421 | D:9      | Found a glowing golden altar of the Shining One.
  8457 | D:9      | Reached XP level 11. HP: 76/76 MP: 11/11
  8613 | D:9      | Noticed Erolcha
  8625 | D:9      | Killed Erolcha
  8820 | D:9      | Found a staircase to the Lair.
  9199 | Lair:1   | Entered Level 1 of the Lair of Beasts
  9218 | D:9      | Reached skill level 13 in Fighting
  9462 | Lair:1   | Reached **** piety under Makhleb
  9795 | Lair:1   | Reached skill level 14 in Fighting
 10087 | Lair:1   | Reached skill level 5 in Shields
 10116 | Lair:1   | Noticed a seven-headed hydra
 10129 | Lair:1   | Killed a seven-headed hydra
 10242 | Lair:1   | Found a snail-covered altar of Cheibriados.
 10653 | Lair:2   | Reached XP level 12. HP: 86/86 MP: 12/12
 11403 | Lair:3   | Found a hole to the Spider Nest.
 11779 | Lair:3   | Reached skill level 15 in Fighting
 11809 | Lair:3   | Reached skill level 10 in Shields
 13111 | Lair:4   | Reached XP level 13. HP: 90/92 MP: 13/13
 13452 | Lair:4   | Found a staircase to the Swamp.
 13475 | Lair:4   | Reached ***** piety under Makhleb
 15135 | Lair:5   | Reached skill level 16 in Fighting
 16068 | Lair:6   | Entered Level 6 of the Lair of Beasts
 17219 | Lair:6   | Noticed Nessos
 17245 | Lair:6   | Killed Nessos
 17245 | Lair:6   | Gained mutation: Your large and strong wings let you fly indefinitely. [Gargoyle growth]
 17245 | Lair:6   | Reached XP level 14. HP: 100/100 MP: 14/14
 17589 | Lair:6   | Reached ****** piety under Makhleb
 17638 | Lair:6   | Reached skill level 15 in Shields
 17683 | Lair:6   | Identified a scroll of acquirement
 17686 | Lair:6   | Got an ancient dire flail
 17692 | Lair:6   | Identified the +8 dire flail "Owkac" {crush, rN+ SInv} (You acquired it on level 6 of the Lair of Beasts)
 17704 | Lair:6   | Noticed an entropy weaver
 17705 | Lair:6   | Noticed an entropy weaver
 17719 | Lair:6   | Killed an entropy weaver
 18098 | Lair:6   | Reached skill level 17 in Fighting
 18984 | Lair:6   | Killed an entropy weaver
 18984 | Lair:6   | Reached skill level 1 in Dodging
 19277 | Lair:6   | Found a staircase to the Slime Pits.
 19755 | Swamp:1  | Entered Level 1 of the Swamp
 19923 | Swamp:1  | Reached skill level 5 in Armour
 21011 | Swamp:2  | Reached XP level 15. HP: 107/107 MP: 15/15
 21223 | Swamp:2  | Noticed a thorn hunter
 21889 | Swamp:2  | Noticed a thorn hunter
 21933 | Swamp:2  | Killed a thorn hunter
 22454 | Swamp:2  | Noticed Frances
 22594 | Swamp:2  | Killed a thorn hunter
 22905 | Swamp:2  | Killed Frances
 22905 | Swamp:2  | Reached skill level 18 in Fighting
 22988 | Swamp:2  | HP: 5/108 [purple very ugly thing (13)]
 23017 | Swamp:1  | HP: 3/108 [swamp worm (10)]
 23439 | Swamp:2  | Reached skill level 5 in Dodging
 24273 | Swamp:3  | Noticed a thorn hunter
 24491 | Swamp:3  | Killed a thorn hunter
 25011 | Swamp:4  | Entered Level 4 of the Swamp
 25242 | Swamp:4  | Reached XP level 16. HP: 116/116 MP: 16/16
 25415 | Swamp:4  | Noticed a thorn hunter
 25463 | Swamp:4  | Killed a thorn hunter
 25463 | Swamp:4  | Reached skill level 10 in Armour
 25505 | Swamp:4  | Got a wavering golden ring
 25506 | Swamp:4  | Identified the ring "Synenofy" {*Corrode +Inv rElec rF+} (You found it on level 4 of the Swamp)
 25559 | Swamp:4  | Noticed a thorn hunter
 25590 | Swamp:4  | Killed a thorn hunter
 26102 | Swamp:4  | Got a decaying rune of Zot
 26119 | Swamp:4  | Reached skill level 19 in Fighting
 26488 | Spider:1 | Entered Level 1 of the Spider Nest
 27615 | Spider:2 | Noticed Nikola
 27739 | Spider:2 | Killed Nikola
 28481 | Spider:3 | Noticed Azrael
 28529 | Spider:2 | Killed Azrael
 28821 | Spider:3 | Reached XP level 17. HP: 122/122 MP: 17/17
 30120 | Spider:4 | Entered Level 4 of the Spider Nest
 30818 | Spider:4 | Reached skill level 20 in Fighting
 31659 | Spider:4 | Reached skill level 10 in Dodging
 31981 | Spider:4 | Got a gossamer rune of Zot
 32433 | D:10     | Entered Level 10 of the Dungeon
 32652 | D:10     | Noticed Josephine
 32669 | D:10     | Killed Josephine
 32700 | D:10     | Reached XP level 18. HP: 131/131 MP: 18/18
 33462 | D:11     | Got a spiked ring mail
 33463 | D:11     | Identified the cursed +0 ring mail of an ossuary {rElec Str+7 Int-2} (You found it on level 11 of the Dungeon)
 33498 | D:11     | Noticed Fannar
 33515 | D:11     | Killed Fannar
 33677 | D:11     | Noticed Snorg
 33685 | D:11     | Killed Snorg
 33820 | D:11     | Found a glowing silver altar of Zin.
 33820 | D:11     | Found a glowing silver altar of Zin.
 34031 | D:12     | Found Ycautula's Gadget Emporium.
 34044 | D:12     | Found Istral's Book Shop.
 34240 | D:12     | Found Gypo's Gadget Shop.
 34299 | D:12     | Noticed Lanoc's ghost (journeyman VSBe)
 34341 | D:12     | Killed Lanoc's ghost
 34347 | D:12     | Found a staircase to the Orcish Mines.
 34380 | D:12     | Found Gubev's Weapon Shoppe.
 34671 | D:12     | Got a faintly glowing chain mail
 34672 | D:12     | Identified the cursed +0 chain mail of Integrity {rN+ MR+ Regen+} (You found it on level 12 of the Dungeon)
 34818 | D:13     | Found a gate to the Vaults.
 36210 | D:15     | Entered Level 15 of the Dungeon
 36309 | D:15     | Noticed Roxanne
 36851 | D:15     | Killed Roxanne
 36852 | D:15     | Identified Roxanne's Catalogue of Changing (You took it off Roxanne on level 15 of the Dungeon)
 37040 | D:15     | Reached skill level 21 in Fighting
 37059 | D:15     | Noticed Agnes
 37079 | D:15     | Killed Agnes
 37164 | D:15     | Found Voun's Food Shoppe.
 37359 | D:15     | Found a hide-covered altar of Uskayaw.
 37439 | D:15     | Found a staircase to the Depths.
 37869 | Orc:1    | Entered Level 1 of the Orcish Mines
 37869 | Orc:1    | Found a flagged portal.
 37894 | Bailey   | Entered a bailey
 38315 | Bailey   | Found a roughly hewn altar of Beogh.
 38414 | Orc:1    | Found Fuudutob's Distillery.
 38439 | Orc:1    | Bought a potion of heal wounds for 75 gold pieces
 38439 | Orc:1    | Bought a potion of berserk rage for 75 gold pieces
 38439 | Orc:1    | Bought a potion of haste for 150 gold pieces
 38639 | Orc:2    | Entered Level 2 of the Orcish Mines
 38674 | Orc:2    | Found a staircase to the Elven Halls.
 38916 | Orc:2    | Found a roughly hewn altar of Beogh.
 39053 | Orc:2    | Found Diuwowni's Jewellery Boutique.
 39064 | Orc:2    | Found Aqunem's Antique Weapon Boutique.
 39152 | Orc:2    | Found a roughly hewn altar of Beogh.
 39450 | Orc:2    | Found Jop Kitipp's General Store.
 39456 | Orc:2    | Bought a scroll of teleportation for 42 gold pieces
 39456 | Orc:2    | Bought a scroll of teleportation for 42 gold pieces
 39456 | Orc:2    | Bought a scroll of enchant armour for 105 gold pieces
 39468 | Orc:2    | Found Gayrr's Antique Armour Boutique.
 39659 | Orc:1    | Reached skill level 15 in Armour
 40001 | Vaults:1 | Entered Level 1 of the Vaults
 40180 | Vaults:1 | Reached XP level 19. HP: 137/137 MP: 19/19
 40688 | Vaults:1 | Noticed Donald
 40706 | Vaults:1 | Killed Donald
 41736 | Vaults:1 | Got a brightly glowing golden ring
 42302 | Vaults:1 | Cast into level 3 of the Abyss (a deep elf demonologist)
 42510 | Abyss:4  | Gained mutation: Armour fits poorly on your strangely shaped body. [a neqoxec]
 42514 | Abyss:4  | Gained mutation: You expend magic power (3 MP) to strengthen your wands. [a neqoxec]
 42525 | Abyss:4  | Lost mutation: Armour fits poorly on your strangely shaped body. [potion of mutation]
 42525 | Abyss:4  | Lost mutation: You expend magic power (3 MP) to strengthen your wands. [potion of mutation]
 42525 | Abyss:4  | Gained mutation: You are agile. (Dex +2) [potion of mutation]
 42525 | Abyss:4  | Gained mutation: You expend magic power (3 MP) to strengthen your wands. [potion of mutation]
 42525 | Abyss:4  | Gained mutation: You are very agile. (Dex +4) [potion of mutation]
 42526 | Abyss:4  | Gained mutation: Armour fits poorly on your strangely shaped body. [a neqoxec]
 42579 | Abyss:4  | HP: 6/139 [crystal guardian/crystal bolt (7)]
 42579 | Abyss:4  | Killed from afar by a crystal guardian

Skill      XL: |  1  2  3  4  5  6  7  8  9 10 11 12 13 14 15 16 17 18 19 |
---------------+----------------------------------------------------------+-----
Maces & Flails | 3 4 5 6 7 9 11 12 | 12.7
Fighting       | 4 5 6 7 9 12 14 15 16 17 18 19 20 21 | 21.8
Shields        | 7 11 14 15 | 15.0
Armour         | 6 9 11 13 15 16 | 16.0
Dodging        | 3 6 8 10 11 12 | 12.4

Action                   |  1- 3 |  4- 6 |  7- 9 | 10-12 | 13-15 | 16-18 | 19-21 || total
-------------------------+-------+-------+-------+-------+-------+-------+-------++-------
Melee: Flail             |    79 |       |       |       |       |       |       ||    79
       Whip              |    96 |   236 |   453 |  1113 |  2477 |  3290 |   876 ||  8541
       Dire flail        |       |       |       |       |   121 |       |       ||   121
 Abil: Stop Flying       |       |       |       |       |       |       |     1 ||     1
Evoke: Phial of floods   |       |       |       |       |       |     1 |       ||     1
  Use: Scroll            |       |    11 |     8 |    10 |    18 |    20 |     3 ||    70
       Potion            |       |     2 |     2 |     5 |     4 |     5 |     6 ||    24
 Stab: Invisible         |       |       |       |     2 |     5 |       |       ||     7
       Confused          |       |       |       |       |     1 |       |       ||     1
       Distracted        |       |       |       |       |       |       |     1 ||     1
  Eat: Chunk             |     1 |     5 |    12 |    24 |    31 |    43 |     5 ||   121
       Ration            |       |       |       |       |     3 |     2 |     1 ||     6
Armor: Scale mail        |    68 |   100 |    37 |       |       |       |       ||   205
       Ring mail         |       |       |   111 |   388 |   790 |   895 |       ||  2184
       Chain mail        |       |       |       |       |       |   344 |   196 ||   540
Dodge: Dodged            |    62 |    50 |    96 |   230 |   696 |  1435 |   218 ||  2787
Block: Shield            |    72 |   100 |   177 |   406 |  1234 |  2319 |   484 ||  4792

Vault maps used:
D:1:      lightli_arrival_boilingwater
D:2:      minmay_rat_gold_closets
D:3:      kennysheep_slug_shrine, first_ration, minmay_misc_feat_square,
          minmay_distorted
D:4:      fedhas_altar_1, kiku_gazebo_pond_becter,
          lemuel_coloured_pillars_altar, minmay_temple_entry_butterflies,
          uniq_grinder, uniq_natasha
D:5:      lemuel_round_altar
D:6:      uniq_menkaure
D:7:      grunt_ogre_cave
D:9:      lemuel_round_altar, lemuel_crystal_altar, kennysheep_mini_moat,
          lair_entry_dummy, uniq_grum, uniq_psyche, uniq_erolcha
D:10:     evilmike_butchery, uniq_josephine
D:11:     jmf_multi_god_temple, uniq_snorg, uniq_fannar
D:12:     orc_0_dummy, serial_shops, shop, nicolae_shop_behind_doors,
          nicolae_shop_statue_plus, shop
D:13:     erik_vaults_1
D:14:     lemuel_flamethrower_1
D:15:     hangedman_depths_entry_try_elsewhere_first, serial_shops, shop,
          basic_altar, hangedman_decor_clover_reticule, uniq_agnes,
          uniq_roxanne, uniq_urug
Temple:   eino_temple_lava
Lair:1:   minivault_23, lemuel_centaur_altar, grunt_megastairs_1,
          lemuel_fruit_tree
Lair:2:   grunt_megastairs_3
Lair:3:   spider_nest_entry_a, bobbens_dragon_lair_wall,
          infiniplex_staircase_pool_2, serial_bayou_shore_b
Lair:4:   nicolae_swamp_entry_splash_gauntlet
Lair:5:   grunt_forest_stairs_clearing
Lair:6:   minmay_lair_end_frog_pond, minmay_slime_entry_oklob_enclosed,
          wad_woods_antlair, uniq_nessos
Swamp:1:  serial_swamp_ruin, hangedman_swamp_ruin_hall,
          evilmike_swamp_ruin_wall, nicolae_swamp_necromancer_hut
Swamp:2:  nicolae_swamp_little_tower, uniq_frances
Swamp:3:  evilmike_swamp_ruin_house_1, infiniplex_staircase_pool
Swamp:4:  swamp_alternative, swamp_pool4
Spider:2: uniq_nikola
Spider:3: nicolae_orb_island, uniq_azrael
Spider:4: spider_rune_water
Orc:1:    enter_bailey_1, serial_shops, nicolae_shop_stone
Orc:2:    grunt_orc_cross, mines2_david
Vaults:1: st_greater_box_5, v_misc_33, nicolae_vaults_circle_grid_a,
          hangedman_vaults_impose, vaults_room_door_hall,
          nicolae_vaults_three_branches, nicolae_vaults_alarming,
          nicolae_vaults_mini_display_case, uniq_donald
Abyss:3:  hangedman_decor_peaks_small, minivault_28,
          hangedman_grunt_abyss_rune_horror_hoard
Abyss:4:  hangedman_abyss_overflow_altar,
          hangedman_grunt_abyss_rune_horror_hoard
Bailey:   bailey_polearm_2, bailey
